 Dungeon Crawl Stone Soup version 0.21-a0-200-gb89f83b (console) character file.

12633 Duffy the Arsonist (level 11, -15/81 HPs)
             Began as a Mummy Fire Elementalist on Aug 16, 2017.
             Was an Elder of Vehumet.
             Demolished by a white ugly thing (19 damage)
             ... on level 11 of the Dungeon.
             The game lasted 00:21:51 (15722 turns).

Duffy the Arsonist (Mummy Fire Elementalist)       Turns: 15722, Time: 00:21:51

Health: -15/81     AC:  8    Str: 12    XL:     11   Next: 65%
Magic:  22/23      EV:  8    Int: 17    God:    Vehumet [****..]
Gold:   622        SH:  0    Dex: 13    Spells: 13/26 levels left

rFire    x . .     SeeInvis +   l - +0 scythe
rCold    + . .     Gourm    .   (shield currently unavailable)
rNeg     + + +     Faith    .   p - +1 leather armour of the Forsaken Tales {SInv}
rPois    ∞         Spirit   .   f - +0 helmet
rElec    .         Reflect  .   (no cloak)
rCorr    .         Harm     +   (no gloves)
MR       +....                  (no boots)
Stlth    ++........             i - amulet of harm
HPRegen  0.23/turn              g - +3 ring of protection
MPRegen  0.18/turn              (no ring)

@: held
A: no food or potions, fire vulnerability, cold resistance 1, negative energy
resistance 3, torment resistance, unbreathing
a: Renounce Religion


You were on level 11 of the Dungeon.
You worshipped Vehumet.
Vehumet was greatly pleased with you.
You were not hungry.

You visited 2 branches of the dungeon, and saw 12 of its levels.

You collected 622 gold pieces.

Inventory:

Hand Weapons
 l - a +0 scythe (weapon)
Armour
 f - a +0 helmet (worn)
 p - the +1 leather armour of the Forsaken Tales (worn) {SInv}
   (You found it on level 6 of the Dungeon)

   It lets you see invisible.
 v - a +0 buckler
Jewellery
 g - a +3 ring of protection (left hand)
 i - an amulet of harm (around neck)
Wands
 j - a wand of iceblast (0/15)
 o - a wand of disintegration (0/24)
 q - a wand of lightning (0/15)
 s - a wand of polymorph (0/24)
 u - a wand of polymorph (11/24)
Scrolls
 a - 3 scrolls of recharging
 c - 2 scrolls of teleportation
 d - 2 scrolls of enchant weapon
 e - 2 scrolls of amnesia
 h - 2 scrolls of magic mapping
 k - 4 scrolls of remove curse
 m - 2 scrolls of fog
 r - a scroll of immolation
 t - 2 scrolls of identify
Books
 b - a book of Flames

   Spells                             Type                      Level
   a - Flame Tongue                   Conjuration/Fire             1
   b - Throw Flame                    Conjuration/Fire             2
   c - Conjure Flame                  Conjuration/Fire             3
   d - Inner Flame                    Hexes/Fire                   3
   e - Sticky Flame                   Conjuration/Fire             4
   f - Fireball                       Conjuration/Fire             5


   Skills:
 - Level 6.0 Fighting
 - Level 6.2 Dodging
 - Level 1.5 Stealth
 + Level 8.3 Spellcasting
 * Level 9.0 Conjurations
 * Level 9.2 Fire Magic


You had 13 spell levels left.
You knew the following spells:

 Your Spells              Type           Power        Failure   Level  Hunger
a - Flame Tongue          Conj/Fire      #####        1%          1    N/A
j - Sticky Flame          Conj/Fire      #####...     1%          4    N/A
k - Fireball              Conj/Fire      #####.....   2%          5    N/A
l - Conjure Flame         Conj/Fire      #####...     1%          3    N/A

Dungeon Overview and Level Annotations

Branches:
Dungeon (11/15)            Temple (1/1) D:4             Orc (0/2) D:9
   Lair: D:8-11

Altars:
Ashenzari
Cheibriados
Dithmenos
Elyvilon
Fedhas
Gozag
Hepliaklqana
Kikubaaqudgha
Makhleb
Nemelex Xobeh
Okawaru
Qazlal
Ru
Sif Muna
Trog
Uskayaw
Vehumet
Wu Jian
Xom
Yredelemnul
Zin
The Shining One

Shops:
D:10 *

Annotations:
D:11 Harold


Innate Abilities, Weirdness & Mutations

You do not eat or drink.
Your flesh is vulnerable to fire.
You are immune to poison.
Your flesh is cold resistant. (rC+)
You are immune to negative energy. (rN+++)
You are immune to unholy pain and torment.
You can survive without breathing.


Message History

You struggle against the net.
The crimson imp hits you.
You struggle against the net.
The shadow slips into darkness.
The shadow flickers and vanishes for a moment.
The crimson imp hits you.
You struggle against the net.
You struggle against the net.
Harold points at you and mumbles some strange words.
The bolt of fire hits you! The fire burns you terribly!
The white ugly thing headbutts you! The white ugly thing freezes you!
You resist.
You rip the net and break free!
Harold throws a throwing net.
The throwing net hits you.
You become entangled in the net!
The shadow closely misses you.
The white ugly thing headbutts you but does no damage.
You struggle against the net.
The crimson imp blinks!
The shadow hits you.
Harold thinks, and says "Perhaps I'll take up model-building after I'm done here..."
The white ugly thing headbutts you. The white ugly thing freezes you!
You resist.
You die...

......####
..........
#......%.. ...
#.........
...#####.........
#...............
#......Wu0.5....
#.......@.@.....
##...............
.................
#......#########
#......# #......#
#......######
#######.....#
#...>.#


You could see Harold, a white ugly thing, a shadow and a crimson imp.

Vanquished Creatures
  An ice dragon (D:9)
  3 two-headed ogres
  Nergalle (D:10)
  A cyclops (D:11)
  An ugly thing (D:11)
  A kobold demonologist (D:11)
  2 hippogriffs
  Sigmund (D:3)
  10 yaks
  A vampire (D:10)
  A human (D:7)
  3 hogs (D:7)
  A hungry ghost (D:9)
  A steam dragon (D:9)
  The ghost of p0werm0de the Gusty, an amateur DsAE (D:4)
  A water moccasin (D:11)
  A soldier ant (D:10)
  4 orc warriors
  2 sky beasts
  3 ice beasts
  2 black bears
  3 ogres
  2 necrophages
  A centaur (D:5)
  3 bullfrogs
  2 wyvern zombies
  A water moccasin zombie (D:8)
  A wyvern skeleton (D:9)
  3 scorpions
  12 wights
  21 killer bees
  A howler monkey (D:5)
  4 crimson imps
  A centaur zombie (D:6)
  3 bullfrog zombies (D:5)
  7 orc priests
  5 hounds
  A gnoll shaman (D:4)
  2 quasits
  A jelly (D:9)
  5 orc wizards
  3 centaur skeletons
  2 iguanas
  3 bullfrog skeletons
  6 worker ants
  A killer bee zombie (D:8)
  2 hound skeletons
  2 howler monkey zombies
  14 gnolls
  16 adders
  An ooze (D:7)
  2 adder skeletons
  2 adder zombies
  3 worms
  8 dart slugs
  2 leopard geckos
  30 orcs
  7 bats
  4 giant cockroaches
  4 goblins
  6 hobgoblins
  6 jackals
  7 quokkas
  7 ball pythons (D:4)
  8 frilled lizards
  A giant cockroach zombie (D:5)
  7 kobolds
  2 quokka skeletons
  7 rats
284 creatures vanquished.

Vanquished Creatures (others)
  A bush (D:5)
  A plant (D:11)
2 creatures vanquished.

Grand Total: 286 creatures vanquished

Notes
Turn   | Place    | Note
-------+----------+-------------------------------------------
     0 | D:1      | Duffy the Mummy Fire Elementalist began the quest for the Orb.
     0 | D:1      | Reached XP level 1. HP: 13/13 MP: 4/4
    30 | D:1      | Reached skill level 1 in Conjurations
    92 | D:1      | You fall through a shaft!
   234 | D:2      | Reached XP level 2. HP: 5/19 MP: 0/5
  1470 | D:2      | Reached XP level 3. HP: 22/24 MP: 4/7
  1671 | D:1      | Learned a level 3 spell: Conjure Flame
  2061 | D:2      | Reached XP level 4. HP: 30/30 MP: 6/8
  2191 | D:1      | Learned a level 4 spell: Sticky Flame
  2446 | D:3      | Noticed Sigmund
  2452 | D:3      | Killed Sigmund
  2452 | D:3      | Reached XP level 5. HP: 32/35 MP: 3/9
  2515 | D:3      | Reached skill level 5 in Conjurations
  2515 | D:3      | Reached XP level 6. HP: 39/41 MP: 5/10
  3376 | D:4      | Found a hazy altar of Hepliaklqana.
  3851 | D:4      | Noticed p0werm0de's ghost (amateur DsAE)
  3961 | D:4      | Found a staircase to the Ecumenical Temple.
  4362 | D:4      | Killed p0werm0de's ghost
  4460 | Temple   | Entered the Ecumenical Temple
  4570 | Temple   | Became a worshipper of Vehumet
  4666 | D:4      | Reached XP level 7. HP: 41/46 MP: 5/11
  5329 | D:5      | Entered Level 5 of the Dungeon
  5547 | D:5      | Reached * piety under Vehumet
  5547 | D:5      | Offered knowledge of Sting by Vehumet.
  5564 | D:5      | Found a blossoming altar of Fedhas.
  5795 | D:5      | Found a blossoming altar of Fedhas.
  6267 | D:5      | Reached skill level 5 in Spellcasting
  6465 | D:6      | Reached XP level 8. HP: 30/52 MP: 1/16
  6472 | D:6      | Learned a level 5 spell: Fireball
  6599 | D:6      | Got a shimmering leather armour
  6610 | D:6      | Identified the +1 leather armour of the Forsaken Tales {SInv} (You found it on level 6 of the Dungeon)
  6909 | D:6      | Found a snail-covered altar of Cheibriados.
  7070 | D:6      | Found a bloodstained altar of Trog.
  7137 | D:6      | Reached skill level 5 in Fire Magic
  7862 | D:7      | Offered knowledge of Searing Ray by Vehumet.
  7921 | D:7      | Noticed a two-headed ogre
  7941 | D:7      | Reached ** piety under Vehumet
  8208 | D:7      | Reached skill level 1 in Fighting
  8561 | D:6      | Reached XP level 9. HP: 51/61 MP: 11/18
  9070 | D:7      | Killed a two-headed ogre
  9461 | D:7      | Reached skill level 5 in Fighting
  9576 | D:7      | Reached skill level 5 in Dodging
  9578 | D:7      | Offered knowledge of Ignite Poison by Vehumet.
  9925 | D:7      | Reached XP level 10. HP: 71/76 MP: 13/19
 10261 | D:7      | Reached *** piety under Vehumet
 10450 | D:8      | Found a shattered altar of Ashenzari.
 10727 | D:8      | Offered knowledge of Olgreb's Toxic Radiance by Vehumet.
 11469 | D:9      | Reached **** piety under Vehumet
 11685 | D:9      | Found a hide-covered altar of Uskayaw.
 11883 | D:9      | Offered knowledge of Force Lance by Vehumet.
 12359 | D:9      | Noticed an ice dragon
 12364 | D:9      | Killed an ice dragon
 12802 | D:9      | Found a staircase to the Orcish Mines.
 12815 | D:9      | Noticed a two-headed ogre
 12817 | D:9      | Killed a two-headed ogre
 12817 | D:9      | Reached XP level 11. HP: 81/81 MP: 10/21
 13123 | D:10     | Entered Level 10 of the Dungeon
 13191 | D:10     | Found Sioragh's Changing Room.
 13597 | D:10     | Noticed a two-headed ogre
 13602 | D:10     | Killed a two-headed ogre
 14024 | D:10     | Noticed Nergalle
 14030 | D:10     | Killed Nergalle
 14458 | D:11     | Reached ***** piety under Vehumet
 14458 | D:11     | Offered knowledge of Bolt of Magma by Vehumet.
 15310 | D:11     | Noticed a green ugly thing
 15318 | D:11     | Killed a green ugly thing
 15714 | D:11     | Noticed a white ugly thing
 15715 | D:11     | Noticed Harold
 15722 | D:11     | HP: 4/81 [white ugly thing (2)]
 15722 | D:11     | Demolished by a white ugly thing

Vault maps used:
D:1:      arrival_zaba_pyramid
D:2:      first_bread
D:3:      uniq_crazy_yiuf_cottage, uniq_sigmund
D:4:      nicolae_overflow_crystal_walls, minmay_temple_entry_glass,
          minmay_snake_closets
D:5:      lemuel_doored_altar, serial_bayou, serial_bayou_pond_e,
          serial_bayou_pond_d, serial_bayou_lagoon_a, serial_bayou_ford_a,
          fedhas_bush_and_centaur_altar
D:6:      cheibriados_altar_1, minmay_misc_feat_diagonals, trog_book
D:7:      grunt_livestock
D:8:      serial_undead, serial_undead_b, serial_undead_a, serial_undead_a,
          serial_undead_e, nicolae_ashenzari_panopticon
D:9:      lemuel_crystal_altar, orc_0_dummy, minmay_three_doors
D:10:     nicolae_transmutations_shop, uniq_nergalle
D:11:     dpeg_oklobed_lair, uniq_harold
Temple:   compressed_dpeg_circular_temple

Skill      XL: |  1  2  3  4  5  6  7  8  9 10 11 |
---------------+----------------------------------+-----
Conjurations   | 1 2 3 4 5 6 7 9 |  9.0
Spellcasting   | 5 6 7 8 |  8.3
Fire Magic     | 4 6 8 9 |  9.2
Fighting       | 1 6 |  6.0
Dodging        | 2 5 6 |  6.2
Stealth        | |  1.5

Action                   |  1- 3 |  4- 6 |  7- 9 | 10-12 || total
-------------------------+-------+-------+-------+-------++-------
Melee: Unarmed           |     2 |       |       |       ||     2
       Scythe            |       |    54 |     2 |    20 ||    76
 Cast: Flame Tongue      |    85 |    76 |   247 |   249 ||   657
       Conjure Flame     |       |     4 |    15 |    28 ||    47
       Sticky Flame      |       |       |    18 |    40 ||    58
       Fireball          |       |       |       |    13 ||    13
Evoke: Wand              |       |     2 |     9 |       ||    11
  Use: Scroll            |       |     6 |     5 |     4 ||    15
 Stab: Sleeping          |       |       |       |     1 ||     1
Armor: Robe              |    31 |    37 |    12 |       ||    80
       Leather armour    |       |       |    36 |    41 ||    77
Dodge: Dodged            |    56 |    79 |   102 |   123 ||   360
